 Dungeon Crawl Stone Soup version 0.30-a0-364-gf6b3ef1049 (webtiles) character file.

Game seed: 1016816992977071335

321 iguanaiguana the Firebug (level 7, -6/51 HPs)
             Began as a Meteoran Fire Elementalist on Nov 15, 2022.
             Was an Initiate of Cheibriados.
             Mangled by an ogre
             ... wielding a +0 giant club
              (19 damage)
             ... on level 4 of the Dungeon on Nov 16, 2022.
             The game lasted 00:20:32 (1031 turns).

iguanaiguana the Firebug (MeFE)                     Turns: 1031, Time: 00:20:32

Health: -6/51      AC:  5    Str: 11    XL:     7   Next: 5%
Magic:  5/12       EV: 13    Int: 19    God:    Cheibriados [......]
Gold:   131        SH:  0    Dex: 16    Spells: 5/11 levels left

rFire   . . .      SeeInvis .    k - +7 rapier of Olepliek {venom, rC+}
rCold   + . .      Faith    .    (no shield)
rNeg    . . .      Spirit   .    a - +0 robe
rPois   .          Reflect  .    m - +0 helmet
rElec   .          Harm     .    o - +0 cloak
rCorr   .          Rampage  .    (no gloves)
Will    .....                    f - +0 pair of boots
Stlth   +.........               (no amulet)
HPRegen 0.28/turn                (no ring)
MPRegen 0.13/turn                (no ring)

@: glowing, very slow
A: sense surroundings 1, otherworldly, glowing, explore regen
a: Renounce Religion


You were on level 4 of the Dungeon.
You worshipped Cheibriados.
Cheibriados was noncommittal.
You visited 1 branch of the dungeon, and saw 4 of its levels.

You collected 131 gold pieces.

Inventory:

Hand Weapons
 d - a +0 dagger
 k - the +7 rapier of Olepliek (weapon) {venom, rC+}
   (You found it on level 3 of the Dungeon)

   It poisons the flesh of those it strikes.
   rC:        It protects you from cold.
Armour
 a - a +0 robe (worn)
 f - a +0 pair of boots (worn)
 m - a +0 helmet (worn)
 o - a +0 cloak (worn)
 p - the +1 chain mail of Plasticity {+Inv rElec Str-5}
   (You found it on level 3 of the Dungeon)

   Str:       It affects your strength (-5).
   rElec:     It insulates you from electricity.
   +Inv:      It lets you turn invisible.
Wands
 j - a wand of charming (2)
Scrolls
 c - 2 scrolls of amnesia {unknown}
 e - 2 scrolls of poison
 l - a scroll of noise
 n - a scroll of immolation
 q - 2 scrolls of magic mapping {unknown}
Potions
 b - a potion of magic
 g - 2 potions of lignification
 h - a potion of might {@q3}
 i - a potion of haste {@q4}


   Skills:
 - Level 0.8 Fighting
 - Level 0.9 Armour
 - Level 2.8 Dodging
 - Level 1.8 Stealth
 - Level 1.0 Unarmed Combat
 - Level 2.8 Spellcasting
 - Level 3.0 Conjurations
 * Level 2.2 Hexes
 + Level 6.7 Fire Magic


You had 5 spell levels left.
You knew the following spells:

 Your Spells              Type           Power      Damage    Failure   Level
a - Foxfire               Conj/Fire      84%        2x1d8     2%          1
b - Scorch                Fire           56%        2d7       1%          2
c - Inner Flame           Hex/Fire       19%        N/A       8%          3

Your spell library contained the following spells:

 Spells                   Type           Power      Damage    Failure   Level
 Dazzling Flash           Conj/Hex       24%        N/A       16%         3
 Kindle Blastsparks       Fire/Tloc/Air  22%        2d11      19%         3
 Flame Wave               Conj/Fire      21%        2d8       22%         4
 Silence                  Hex/Air        3%         N/A       95%         5
 Agony                    Necr           2%         N/A       99%         5


Dungeon Overview and Level Annotations

Branches:
Dungeon (4/15) Zot: 2150
 Temple: D:4-7

Altars:
Cheibriados

Annotations:
D:2 exclusion: downstairs


Innate Abilities, Weirdness & Mutations

You passively map a small area around you.
You are easily found by Zot.
You glow in the dark.
You regain HP and MP as you explore.


Message History

You hear the slow rusting of a very distant drain.
The kobold hits you with a +0 dagger. What are your orders? t - Shout!
Orders for allies: a - Attack new target. p - Attack previous target. r - Retreat! s - Stop attacking. g - Guard the area. f - Follow me.
Anything else - Cancel.
Gang up on whom?
Press: ? - help, Dir - move target, f - kobold, p - ogre
Aim: a kobold, wielding a +0 dagger Attack!
Your ogre barely misses the kobold.
Your ogre closely misses the kobold.
The ogre is no longer charmed.
The kobold attacks as you move away! The kobold hits you with a +0 dagger.
Casting: Scorch (safe; 1% risk of failure)
Confirm with . or Enter, or press ? or * to list all spells.
You conjure some foxfire!
Casting: Foxfire (safe; 2% risk of failure)
Confirm with . or Enter, or press ? or * to list all spells.
Flames lash the kobold.
You kill the kobold!
Cheibriados appreciates the change of pace.
The foxfire hits the ogre.
The ogre is moderately wounded.
The foxfire hits the ogre!
The ogre is heavily wounded.
Casting: Scorch (safe; 1% risk of failure)
Confirm with . or Enter, or press ? or * to list all spells.
Flames lash the ogre.
The ogre is almost dead.
The ogre's fire resistance burns away.
The ogre hits you with a +0 giant club!!
* * * LOW HITPOINT WARNING * * *
Casting: Scorch (safe; 1% risk of failure)
Confirm with . or Enter, or press ? or * to list all spells.
Flames lash the ogre.
The ogre is burned terribly!
The ogre is almost dead.
The ogre hits you with a +0 giant club!!
You die...

* ** * * , , , , **
* * * , ########
.......# ######## *
*
.......####≈≈§≈≈≈#
..........#≈##.#≈#
.......##.'O.#.#.+,
,
.......##.'.#.#O@+
.......####≈#.##≈#
* * .......#
#≈≈≈≈≈≈#** .......#
######## , ....####
, , * .<..# * , , ,
##### * , * .....,,
, ..... ,, ,


You could see an ogre (combustible).

Vanquished Creatures
  A black bear (D:4)
  The ghost of baller8008 the Sneak, an amateur FeCj of Ashenzari (D:3)
  Terence (D:3)
  An adder (D:2)
  A dart slug (D:1)
  7 orcs
  3 ball pythons
  5 bats
  A giant cockroach (D:1)
  A goblin (D:2)
  3 hobgoblins
  A frilled lizard (D:2)
  2 kobolds
  6 rats
34 creatures vanquished.

Vanquished Creatures (collateral kills)
  A phantom (D:3)
  An orc (D:3)
  4 jackals (D:3)
6 creatures vanquished.

Vanquished Creatures (others)
  4 orcs (D:3)
  58 foxfires
62 creatures vanquished.

Grand Total: 102 creatures vanquished

Notes
Turn   | Place    | Note
-------+----------+-------------------------------------------
     0 | D:1      | iguanaiguana the Meteoran Fire Elementalist began the quest
                  | for the Orb.
     0 | D:1      | Reached XP level 1. HP: 14/14 MP: 5/5
    48 | D:1      | Reached XP level 2. HP: 20/20 MP: 4/6
   145 | D:1      | Learned a level 2 spell: Scorch
   285 | D:2      | Reached XP level 3. HP: 27/27 MP: 4/8
   367 | D:3      | Noticed Terence
   548 | D:3      | Reached skill level 1 in Unarmed Combat
   562 | D:3      | Identified the +7 rapier of Olepliek {venom, rC+}
   568 | D:3      | Noticed a phantom
   585 | D:3      | Killed a phantom
   586 | D:3      | Reached skill level 4 in Fire Magic
   586 | D:3      | Reached XP level 4. HP: 31/34 MP: 3/9
   586 | D:3      | Reached XP level 5. HP: 35/39 MP: 3/10
   610 | D:3      | Killed Terence
   630 | D:3      | Found a snail-covered altar of Cheibriados.
   636 | D:3      | Became a worshipper of Cheibriados the Contemplative
   665 | D:3      | Reached skill level 5 in Fire Magic
   759 | D:3      | Found a runed translucent gate.
   760 | D:3      | Found a runed translucent gate.
   761 | D:3      | Found a runed translucent gate.
   764 | D:3      | Identified the +1 chain mail of Plasticity {+Inv rElec
                  | Str-5}
   770 | D:3      | Noticed baller8008's ghost (amateur FeCj)
   797 | D:3      | Killed baller8008's ghost
   798 | D:3      | Reached skill level 6 in Fire Magic
   798 | D:3      | Reached XP level 6. HP: 39/46 MP: 5/11
   955 | D:4      | Noticed a black bear
   960 | D:4      | Killed a black bear
   961 | D:4      | Reached XP level 7. HP: 51/51 MP: 3/12
   965 | D:4      | Learned a level 3 spell: Inner Flame
  1031 | D:4      | Mangled by an ogre

Illustrated notes

Levels and vault maps discovered:
D:1:      minmay_arrival_diagonal_passages, layout_loops_ring
D:2:      layout_loops_ring, uniq_natasha, uniq_jessica
D:3:      layout_loops_corners, cheibriados_altar_1, biasface_ghost_orc_armoury,
          serial_shops, shop, uniq_terence
D:4:      layout_basic, zin_treasury, gup_sewer_entry_bowl,
          minmay_gold_behind_fungi, kennysheep_generic_room_12

Skill      XL: |  1  2  3  4  5  6 |
---------------+-------------------+-----
Unarmed Combat | 1 |  1.0
Conjurations   | 3 |  3.0
Fire Magic     | 4 6 |  6.7
Hexes          | 2 |  2.2
Fighting       | |  0.8
Armour         | |  0.9
Dodging        | |  2.8
Stealth        | |  1.8
Spellcasting   | |  2.8

Action                   |  1- 3 |  4- 6 |  7- 9 || total
-------------------------+-------+-------+-------++-------
Melee: Unarmed           |     1 |       |       ||     1
       Dagger            |     1 |       |       ||     1
       Rapier            |       |    13 |       ||    13
 Cast: Foxfire           |    25 |    10 |     1 ||    36
       Scorch            |     5 |     5 |     3 ||    13
Evoke: Wand              |     4 |     6 |     1 ||    11
  Use: Scroll            |       |     6 |       ||     6
Armor: Robe              |     6 |     4 |     1 ||    11
Dodge: Dodged            |    24 |    13 |     7 ||    44

Table legend: (Time is in decaauts)
 A = Elapsed time spent in this place.
 B = Non-inter-level travel time spent in this place.
 C = Inter-level travel time spent in this place.
 D = Time resting spent in this place.
 E = Time spent auto-exploring this place.
 F = Levels seen in this place.
 G = Mean time per level.
                   A        B        C        D        E       F      G
               +--------+--------+--------+--------+--------+-----+--------+
         Total |   1126 |    773 |    353 |      0 |      0 |   4 |  281.5 |
       Dungeon |   1126 |    773 |    353 |      0 |      0 |   4 |  281.5 |
               +--------+--------+--------+--------+--------+-----+--------+

Top non-repeatable levels by time:
     D:3: 618 daAuts
     D:2: 231 daAuts
     D:1: 167 daAuts
     D:4: 109 daAuts
